 Dungeon Crawl Stone Soup version 0.28.0-53-g5a82cb258f (webtiles) character file.

Game seed: 7153692948660444113

9 JJisdabomb the Skirmisher (level 2, 24/24 HPs)
             Began as a Demonspawn Fighter on July 22, 2022.
             Got out of the dungeon alive.
             The game lasted 00:00:29 (526 turns).

JJisdabomb the Skirmisher (Demonspawn Fighter)       Turns: 526, Time: 00:00:30

Health: 24/24      AC:  6    Str: 16    XL:     2   Next: 3%
Magic:  2/2        EV:  8    Int:  9    God:
Gold:   0          SH:  4    Dex: 12    Spells: 1/1 levels left

rFire   . . .      SeeInvis .   a - +0 war axe
rCold   . . .      Faith    .   d - +0 buckler
rNeg    . . .      Spirit   .   c - +0 scale mail
rPois   .          Reflect  .   (no helmet)
rElec   .          Harm     .   (no cloak)
rCorr   .          Rampage  .   (no gloves)
Will    .....                   (no boots)
Stlth   ..........              (no amulet)
HPRegen 0.08/turn               (no ring)
MPRegen 0.08/turn               (no ring)

@: no status effects
A: hooves 1
a: no special abilities


You escaped.
You visited 1 branch of the dungeon, and saw 1 of its levels.

Inventory:

Hand Weapons
 a - a +0 war axe (weapon)
Armour
 c - a +0 scale mail (worn)
 d - a +0 buckler (worn)
Potions
 b - a potion of ambrosia {unknown}
 e - a potion of might


   Skills:
 + Level 3.0 Fighting
 * Level 2.0 Axes
 + Level 2.7 Armour
 + Level 2.7 Shields
 + Level 0.6 Invocations
 + Level 0.4 Evocations


You had one spell level left.
You didn't know any spells.
Your spell library was empty.

Dungeon Overview and Level Annotations

Branches:
Dungeon (1/15)

Altars:


Innate Abilities, Weirdness & Mutations

You have large cloven feet.


Message History

No target in view!
No target in view!
No target in view!
No target in view!
No target in view!
No target in view!
No target in view!
No target in view!
No target in view!
No target in view!
No target in view!
A kobold comes into view. It is wielding a +0 club.
The kobold shouts!
A kobold is nearby!
A giant cockroach comes into view.
The kobold completely misses you.
You slash the kobold!
You kill the kobold!
Things that are here:
a +0 club; 2 stones; a kobold corpse The giant cockroach bites you but does no damage.
You barely miss the giant cockroach. The giant cockroach bites you.
The giant cockroach bites you but does no damage.
You hit the giant cockroach.
The giant cockroach is almost dead.
The giant cockroach barely misses you. x2
You hit the giant cockroach.
You kill the giant cockroach!
You have reached level 2!
You feel monstrous as your demonic heritage exerts itself.
Your demonic ancestry asserts itself...
Your feet thicken and deform.
Things that are here:
a +0 club; 2 stones; a kobold corpse
There is an open door here.
You see here a +0 spear.
There is an open door here.
There is a staircase leading out of the dungeon here.
Are you sure you want to leave the Dungeon?
This will make you lose the game!
You have escaped!

..#....###.#...# #.# ..#....#
#.#...# #.#
.......###.#...####.#############
.......+.......+.................
..#....###.#...####.#########.###
.)...............................
..#.#########################.###
....# ##.........## #.### ....
#..♣..@..♣..# #.##. ....
#.........## #.... .. #####
#####'##### ######.##.
##...######...######...##.##.
#.......................#.##.
#..⌠........⌠........⌠..#.##.
#..................)....#.##.
##...######...######...##.##.
##'## ##>## ##'###.##.


There were no monsters in sight!

Vanquished Creatures
  2 endoplasms (D:1)
  A giant cockroach (D:1)
  2 kobolds (D:1)
  A quokka (D:1)
  A goblin (D:1)
  A rat (D:1)
8 creatures vanquished.

Notes
Turn   | Place    | Note
-------+----------+-------------------------------------------
     0 | D:1      | JJisdabomb the Demonspawn Fighter began the quest for the
                  | Orb.
     0 | D:1      | Reached XP level 1. HP: 18/18 MP: 1/1
   439 | D:1      | Discovered your monstrous ancestry.
   439 | D:1      | Gained mutation: You have large cloven feet. [demonic
                  | ancestry]
   439 | D:1      | Reached XP level 2. HP: 22/24 MP: 2/2
   526 | D:$      | Got out of the dungeon alive.

Illustrated notes

Levels and vault maps discovered:
D:1:      minmay_arrival_split_and_join, layout_basic,
          shapermc_ecumenical_altar_mp_ritualfount

Skill      XL: |  1 |
---------------+----+-----
Axes           | 2 |  2.0
Fighting       | |  3.0
Armour         | |  2.7
Shields        | |  2.7
Invocations    | |  0.6
Evocations     | |  0.4

Action                   || total
-------------------------++-------
Melee: War axe           ||    22
Armor: Scale mail        ||    11
Dodge: Dodged            ||     9
Block: Buckler           ||     3
